 Dungeon Crawl Stone Soup version 0.30.1-11-g7821555f0a (webtiles) character file.

Game seed: 15302554398812447288

1338 MDMotsinger the Geomancer (level 8, -1/42 HPs)
             Began as a Gargoyle Earth Elementalist on Dec 12, 2023.
             Slain by an ice beast (2 damage)
             ... on level 6 of the Dungeon.
             The game lasted 00:20:23 (5302 turns).

MDMotsinger the Geomancer (GrEE)                    Turns: 5302, Time: 00:20:24

Health: -1/42      AC:  7    Str: 18    XL:     8   Next: 61%
Magic:  2/15       EV: 12    Int: 18    God:
Gold:   88         SH:  0    Dex: 10    Spells: 13/19 levels left

rFire   . . .        A - +1 short sword (freeze)
rCold   + . .        (no shield)
rNeg    + . .        a - +0 robe
rPois   ∞            (no helmet)
rElec   +            (no cloak)
rCorr   .            (no gloves)
SInv    .            (no boots)
Will    .....        (no amulet)
Stlth   ++           k - +6 ring of strength
HPRegen 0.27/turn    (no ring)
MPRegen 0.14/turn

%: no passive effects
@: no status effects
A: sickness immunity, AC +5, negative energy resistance 1, electricity
resistance, torment resistance 1, petrification resistance, cold resistance 1,
low MP 1
a: no special abilities


You were on level 6 of the Dungeon.
You visited 1 branch of the dungeon, and saw 6 of its levels.

You collected 138 gold pieces.
You spent 50 gold pieces at shops.

Inventory:

Hand Weapons
 A - a +1 short sword of freezing (weapon)
Missiles
 q - a throwing net
Armour
 a - a +0 robe (worn)
Jewellery
 k - a +6 ring of strength (left hand)
 s - a ring of ice
 y - a ring of see invisible
Wands
 b - a wand of quicksilver (14)
 m - a wand of iceblast (22)
 u - a wand of paralysis (3)
 w - a wand of mindburst (14)
 D - a wand of polymorph (8)
Scrolls
 g - a scroll of immolation
 h - 3 scrolls of enchant armour
 l - 2 scrolls of magic mapping
 n - 2 scrolls of poison
 o - 2 scrolls of teleportation
 v - a scroll of brand weapon
Potions
 d - a potion of attraction
 e - a potion of degeneration
 f - 3 potions of curing
 i - 2 potions of mutation
 p - a potion of berserk rage {unknown}
 r - a potion of ambrosia {unknown}
 t - a potion of flight {unknown}
 x - a potion of resistance {unknown}
 z - a potion of cancellation {unknown}
 B - a potion of magic
 C - 2 potions of heal wounds


   Skills:
 + Level 0.4 Fighting
 + Level 0.3 Short Blades
 + Level 2.3 Dodging
 + Level 3.5 Stealth
 + Level 6.4 Spellcasting
 + Level 0.8 Conjurations
 + Level 0.7 Transmutations
 + Level 8.9 Earth Magic


You had 13 spell levels left.
You knew the following spells:

 Your Spells              Type           Power      Damage    Failure   Level
a - Sandblast             Erth           74%        2d16      1%          1
b - Stone Arrow           Conj/Erth      46%        3d9       4%          3
c - Momentum Strike       Conj/Tloc      14%        3d8       14%         2

Your spell library contained the following spells:

 Spells                   Type           Power      Damage    Failure   Level
 Passwall                 Tmut/Erth      19%        N/A       2%          2
 Necrotise                Necr           20%        1d5       12%         1
 Petrify                  Tmut/Erth      23%        N/A       16%         4
 Blink                    Tloc           10%        N/A       17%         2
 Lesser Beckoning         Tloc           10%        N/A       17%         2
 Poisonous Vapours        Pois/Air       10%        N/A       17%         2
 Mephitic Cloud           Conj/Pois/Air  6%         N/A       30%         3
 Vampiric Draining        Necr           5%         2d6       34%         3
 Vhi's Electric Charge    Tloc/Air       10%        N/A       34%         3
 Arcjolt                  Conj/Air       3%         1d13      95%         5
 Freezing Cloud           Conj/Ice/Air   3%         6-21      96%         5
 Agony                    Necr           5%         N/A       97%         5
 Maxwell's Capacitive Co  Air            2%         ∞         100%        8


Dungeon Overview and Level Annotations

Branches:
Dungeon (6/15)
 Temple: D:4-7

Altars:
Ashenzari
Elyvilon
Qazlal

Shops:
D:3 !

Annotations:
D:6 Glitchless's ghost, novice GrBe


Innate Abilities, Weirdness & Mutations

You are immune to sickness and miasma.
Your stone body is resilient. (AC +5)
You are immune to poison.
You resist negative energy. (rN+)
You are resistant to electric shocks. (rElec)
You are resistant to unholy torment.
You are immune to petrification.
Your flesh is cold resistant. (rC+)
Your magical capacity is low. (-10% MP)


Message History

Glitchless's ghost hits you!!
* * * LOW HITPOINT WARNING * * *
You feel better.
Glitchless's ghost completely misses you.
Really quaff the potion of attraction?
Okay, then.
You feel better. Glitchless's ghost barely misses you.
Casting: Stone Arrow (dangerous; 4% risk of failure)
Confirm with . or Enter, or press ? or * to list all spells.
Aiming: Sandblast (safe; 1% risk of failure)
Press: ? - help, Shift-Dir - straight line, f/p - Glitchless's ghost
Aim: Glitchless's ghost (heavily damaged, 80% to hit)
The blast of sand misses Glitchless's ghost.
The white imp barely misses you. Glitchless's ghost hits you.
The white imp barely misses you. Glitchless's ghost misses you.
You feel better. The white imp hits you. The white imp freezes you. You resist.
Glitchless's ghost hits you! The ice beast closely misses you.
Casting: Sandblast (safe; 1% risk of failure)
Confirm with . or Enter, or press ? or * to list all spells.
Aiming: Sandblast (safe; 1% risk of failure)
Press: ? - help, Shift-Dir - straight line, f/p - Glitchless's ghost
Aim: Glitchless's ghost (heavily damaged, 80% to hit)
The blast of sand hits Glitchless's ghost but does no damage.
Glitchless's ghost is heavily damaged.
The white imp hits you but does no damage.
Glitchless's ghost closely misses you. The ice beast barely misses you.
Casting: Sandblast (safe; 1% risk of failure)
Confirm with . or Enter, or press ? or * to list all spells.
Aiming: Stone Arrow (dangerous; 4% risk of failure)
Press: ? - help, Shift-Dir - straight line, f/p - Glitchless's ghost
Aim: Glitchless's ghost (heavily damaged, 64% to hit)
The stone arrow hits Glitchless's ghost but does no damage.
Glitchless's ghost is heavily damaged.
The white imp gestures at you. The puff of frost hits you. You resist.
Glitchless's ghost says, "They'll have to sweep you off the floor after I'm finished with you!"
Glitchless's ghost hits you!!
* * * LOW HITPOINT WARNING * * *
The ice beast hits you.
You die...

##
#..#.5..!##...'W#.........#
.#
#..#WZ5=!(#..5'Y#.######.##
.## #.##.#55.[#.5.'.#.# #.#
..####.#..# ..##..Y#...# #.#
#......#..# #....#.#.# #.#
#####..#...###....##.#.# ##.#
#..##.......###..#.# #..#
##..###...###5..##.# #.##
##...#####.@W5.##.## #.#
###........Y......# #.#
###..#########..# #.#
###########.............# #.#
.........##..########...# #[#
########.##..# #...# #.#
#.##÷.########...####.#
#.##.................[#
#######.##.####..###..#######


You could see an ice beast, Glitchless's ghost and 2 white imps.

Vanquished Creatures
  An ice beast (D:6)
  2 black bears
  An ogre (D:6)
  2 phantoms (D:4)
  Blork the orc (D:4)
  A bullfrog (D:4)
  A howler monkey (D:5)
  4 hounds
  2 jellies
  4 orc priests
  A gnoll bouda (D:4)
  2 orc wizards
  2 sleepcaps (D:5)
  5 gnolls (D:4)
  9 adders
  A shadow imp (D:6)
  A white imp (D:6)
  2 ufetubi
  A worm (D:3)
  5 dart slugs
  12 orcs
  3 bats
  7 endoplasms
  5 giant cockroaches
  6 goblins
  10 hobgoblins
  7 jackals
  6 kobolds
  7 quokkas
  6 ball pythons
  2 frilled lizards (D:1)
  3 rats
122 creatures vanquished.

Notes
Turn   | Place    | Note
-------+----------+-------------------------------------------
     0 | D:1      | MDMotsinger the Gargoyle Earth Elementalist began the quest
                  | for the Orb.
     0 | D:1      | Reached XP level 1. HP: 10/10 MP: 3/3
    25 | D:1      | Reached skill level 4 in Earth Magic
    82 | D:1      | Reached XP level 2. HP: 15/15 MP: 1/5
   730 | D:1      | Reached XP level 3. HP: 19/19 MP: 3/6
  1662 | D:2      | Reached XP level 4. HP: 24/24 MP: 2/8
  1954 | D:3      | Reached skill level 5 in Earth Magic
  2110 | D:3      | Found Aser Arr's Distillery.
  2118 | D:3      | Bought a potion of heal wounds for 50 gold pieces
  2355 | D:3      | Learned a level 3 spell: Stone Arrow
  2624 | D:3      | Found a broken altar of Ashenzari.
  2853 | D:4      | Noticed a phantom
  2857 | D:4      | Killed a phantom
  2858 | D:4      | Reached XP level 5. HP: 21/28 MP: 3/10
  2913 | D:4      | Noticed Blork the orc
  2920 | D:4      | Learned a level 2 spell: Momentum Strike
  2924 | D:4      | Killed Blork the orc
  2925 | D:4      | Reached XP level 6. HP: 32/32 MP: 6/12
  3017 | D:4      | Reached skill level 6 in Earth Magic
  3110 | D:4      | Reached XP level 7. HP: 26/36 MP: 8/13
  3329 | D:4      | Found a white marble altar of Elyvilon.
  3419 | D:4      | Reached skill level 7 in Earth Magic
  3631 | D:4      | Found a stormy altar of Qazlal.
  3880 | D:5      | Entered Level 5 of the Dungeon
  3960 | D:4      | Reached skill level 5 in Spellcasting
  4296 | D:5      | Reached XP level 8. HP: 25/41 MP: 14/16
  4500 | D:5      | Reached skill level 8 in Earth Magic
  4647 | D:6      | Found a runed translucent gate.
  4647 | D:6      | Found a runed translucent gate.
  4647 | D:6      | Found a runed translucent gate.
  4743 | D:6      | Noticed Glitchless's ghost (novice GrBe)
  5296 | D:6      | Gained mutation: Your magical capacity is low. (-10% MP)
                  | [potion of mutation]
  5296 | D:6      | Gained mutation: Your flesh is cold resistant. (rC+)
                  | [potion of mutation]
  5302 | D:6      | HP: 1/42 [Glitchless's ghost (19)]
  5302 | D:6      | Slain by an ice beast

Illustrated notes

Levels and vault maps discovered:
D:1:      lightli_arrival_statuegarden, layout_basic
D:2:      layout_basic, minmay_misc_feat_x
D:3:      layout_loops_ring, lemuel_round_altar, serial_shops, shop,
          minivault_4, serial_bayou_lagoon_a, hex_medium,
          grunt_decor_mini_mirrors
D:4:      layout_loops_cross, mainiacjoe_overflow_catch_the_wave, minivault_5,
          uniq_blork_the_orc
D:5:      layout_rooms
D:6:      layout_loops_ring, gammafunk_ghost_icy

Skill      XL: |  1  2  3  4  5  6  7  8 |
---------------+-------------------------+-----
Earth Magic    | 4 5 6 7 8 |  8.9
Spellcasting   | 3 4 5 6 |  6.4
Stealth        | 3 |  3.5
Dodging        | 2 |  2.3
Fighting       | |  0.4
Short Blades   | |  0.3
Conjurations   | |  0.8
Transmutations | |  0.7

Action                     |  1- 3 |  4- 6 |  7- 9 || total
---------------------------+-------+-------+-------++-------
  Melee: Unarmed           |     1 |       |       ||     1
         Short sword       |       |       |     1 ||     1
   Cast: Sandblast         |    57 |    69 |    80 ||   206
         Stone Arrow       |       |     2 |     5 ||     7
    Use: Potion            |       |     3 |     4 ||     7
         Scroll            |       |       |    12 ||    12
 Armour: Robe              |     6 |     8 |    27 ||    41
  Dodge: Dodged            |     3 |    14 |    47 ||    64
